[Event "Live Chess"]
[Site "Chess.com"]
[Date "2023.05.21"]
[Round "-"]
[White "Biranidun"]
[Black "Leonid_Starozhilov"]
[Result "0-1"]
[WhiteElo "2534"]
[BlackElo "2654"]
[TimeControl "300"]
[EndTime "0:48:50 PDT"]
[Termination "Leonid_Starozhilov won by resignation"]

1. e4 g6 2. d4 Bg7 3. Nc3 d6 4.
f4 Nc6 5. Be3 d5 6. e5 h5 7. Nf3 Nh6 8. h3 f6 9. Bd3 Bf5 10. Nh4 Kf7 11. Nxf5 Nxf5 12. Bxf5 gxf5 13. Qf3 e6 14. O-O-O fxe5 15. fxe5 h4 16. g4 hxg3 17. Qxg3 Qh4 18. Qg2 Bh6 19. Bxh6 Qxh6+ 20. Kb1 Rag8 21. Qe2 a6 22. Na4 Qf4 23. Rhf1 Qg5 24. Nc5 Qg2 25. Rf2 Qxh3 26. Nxb7 Qg4 27. Qd2 Qxd4 28. Qxd4 Nxd4 29. Nc5 a5 30. c4 Rh4 31. cxd5 exd5 32. Nd7 c6 33.
Rfd2 Ne6 34. Rc2 Rc4 35. Rxc4 dxc4 36. Nb6 c3 37. bxc3 Rb8 38. Rd7+ Ke8 39. Rd6 Rxb6+ 40. Kc2 Ke7 0-1

[Event "Live Chess"]
[Site "Chess.com"]
[Date "2023.05.21"]
[Round "-"]
[White "WelshTiger"]
[Black "yarek"]
[Result "1-0"]
[WhiteElo "2361"]
[BlackElo "1881"]
[TimeControl "300"]
[EndTime "0:49:00 PDT"]
[Termination "WelshTiger won by checkmate"]

1. e4 g6 2. d4 Bg7 3. Nc3 c6 4. Be3 d5 5. Qd2 h5 6. h3 Bh6 7. Nf3 Bxe3 8. Qxe3 Nf6 9. e5 Nh7 10. Bd3 e6 11. O-O-O Nd7 12. g4 Nhf8 13. Ng5 c5 14.
f4 cxd4 15. Qxd4 Qb6 16. Qxb6 Nxb6 17. Ne2 Bd7 18. Nd4 Rc8 19. f5 gxf5 20. gxf5 exf5 21. Bxf5 Bxf5 22. Nxf5 Rc7 23. Nd6+ Ke7 24. Rhf1 Ng6 25.
Rxf7+ Kd8 26. Ne6# 1-0

[Event "Live Chess"]
[Site "Chess.com"]
[Date "2023.05.21"]
[Round "-"]
[White "LiamClery2020"]
[Black "BillythekidFellowes"]
[Result "0-1"]
[WhiteElo "2016"]
[BlackElo "2042"]
[TimeControl "300"]
[EndTime "0:49:00 PDT"]
[Termination "BillythekidFellowes won by checkmate"]

1. e4 Nc6 2. Nc3 e6 3. Nf3 d5 4. e5 Nge7 5. d4 Ng6 6. h4 h5 7. Bd3 Nge7 8. Ng5 Bd7 9. Qf3 Nf5 10. Bxf5 exf5 11. Qxd5 Qe7 12. Be3 Be6 13. Qb5 O-O-O 14.
d5 Qb4 15. dxe6 Qg4 16. Nxf7 Qxg2 17. Rf1 Bb4 18. Nxh8 f4 19. Bc5 Qe4+ 20. Qe2 Qf5 21. Bxb4 Nxb4 22. Rc1 Rxh8 23. a3 Nc6 24. Qe4 Qg4 25. Rd1 Qxe6 26. Rd5 f3 27. Rc5 Rd8 28. Rxc6 bxc6 29. Qxf3 Qxe5+ 30. Qe3 Qd6 31. Ke2 Qg6 32. Kf3 Qg4# 0-1

[Event "Live Chess"]
[Site "Chess.com"]
[Date "2023.05.21"]
[Round "-"]
[White "Duke_of_Bebington"]
[Black "RamsayFlayer"]
[Result "0-1"]
[WhiteElo "1583"]
[BlackElo "1984"]
[TimeControl "300"]
[EndTime "0:49:06 PDT"]
[Termination "RamsayFlayer won by resignation"]

1. e4 e5 2. Nf3 Nc6 3. Bc4 Nf6 4. d3 Bc5 5. O-O h6 6. Bb3 d6 7. c3 Be6 8. Bc2 O-O 9. d4 Bc4 10. Re1 exd4 11. cxd4 Bb4 12. Nc3 Ne7 13. a3 Ba5 14. b3 Be6 15. b4 Bb6 16. Bb2 Bg4 17. h3 Bh5 18. Qd3 Bxf3 19. Qxf3 Bxd4 20. Rad1 Be5 21. Ba1 Ng6 22. Bb3 Nh4 23. Qe3 Nh5 24. g3 Ng6 25. f4 Bf6 26. f5 Ne5 27. g4 Bg5 28. Qf2 Nf4 29. Qg3 Qe7 30. h4 Bxh4 31. Qxf4 Bxe1 32. Rxe1 Qh4 33. Nd5 Qxe1+ 0-1

[Event "Live Chess"]
[Site "Chess.com"]
[Date "2023.05.21"]
[Round "-"]
[White "BostonStrangler"]
[Black "LutherSullivan"]
[Result "1-0"]
[WhiteElo "2075"]
[BlackElo "2117"]
[TimeControl "300"]
[EndTime "0:49:10 PDT"]
[Termination "BostonStrangler won by resignation"]

1. Nf3 Nf6 2. g3 g6 3. Bg2 Bg7 4. O-O O-O 5. d4 d5 6. c4 c6 7. cxd5 cxd5 8. Ne5 Ne4 9. Nc3 Nxc3 10. bxc3 Nc6 11. f4 Nxe5 12. fxe5 Be6 13. Rb1 b6 14. Ba3 Rc8 15. Rc1 Qd7 16. Qd3 Rc4 17. e4 Ra4 18.
exd5 Bxd5 19. Bxd5 Qxd5 20. Bxe7 Rxa2 21. Qf3 Qxf3 22.
Rxf3 Rc8 23. Rcf1 Re2 24. Bd6 Bh6 25. Rxf7 Be3+ 26. Kh1 g5 27. Rc7 Rxc7 28. Bxc7 Rc2 29. e6 1-0

[Event "Live Chess"]
[Site "Chess.com"]
[Date "2023.05.21"]
[Round "-"]
[White "YrrriKharkiv"]
[Black "peter-785"]
[Result "1-0"]
[WhiteElo "2058"]
[BlackElo "1196"]
[TimeControl "300"]
[EndTime "0:49:12 PDT"]
[Termination "YrrriKharkiv won on time"]

1. d4 d5 2. c4 c6 3. Nc3 e6 4.
Nf3 Nf6 5. e3 Be7 6. Qc2 O-O 7.
b3 a6 8. Bd3 h6 9. h4 Nbd7 10. Ng5 Ne4 11. Ngxe4 dxe4 12. Nxe4 Nf6 13. Qe2 Nxe4 14. Bxe4 Bxh4 15. Qh5 Bf6 16. Bb2 b5 17. c5 Qa5+ 18. Ke2 b4 19. Bd3 Qd8 20. Qf3 Qd5 21. Be4 Qg5 22. Rh5 Qxh5 23. Qxh5 Bb7 24. Qf3 Rac8 25. Bd3 Rfe8 26. Qe4 g6 27. Rh1 Bg7 28. f4 f5 29. Qf3 e5 30. fxe5 Rc7 31.
g4 fxg4 32. Qxg4 g5 33. Qf5 Bh8 34. Rxh6 Rg7 35. Rg6 Rf8 36. Rxg7+ Bxg7 37. Qh7+ 1-0

[Event "Live Chess"]
[Site "Chess.com"]
[Date "2023.05.21"]
[Round "-"]
[White "Bot_Boy"]
[Black "Doge_Dandolo"]
[Result "0-1"]
[WhiteElo "334"]
[BlackElo "1905"]
[TimeControl "300"]
[EndTime "0:49:31 PDT"]
[Termination "Doge_Dandolo won on time"]

1. b4 e5 2. c3 d5 3. d4 exd4 4. Qxd4 Nf6 5. Bg5 Be7 6. h4 a5 7. b5 c5 8. Qa4 O-O 9. e3 h6 10. Bf4 Nh5 11. Be5 Nd7 12. Bf4 Nxf4 13. Qxf4 Bf6 14.
a4 Re8 15. g3 d4 16. Ra3 dxe3 17. fxe3 Ne5 18. Nf3 Nxf3+ 19. Qxf3 Be6 20. Qd1 Qc7 21. c4 Qxg3+ 22. Kd2 Rad8+ 23. Bd3 Bf5 0-1

[Event "Live Chess"]
[Site "Chess.com"]
[Date "2023.05.21"]
[Round "-"]
[White "diana21strabt"]
[Black "friarnator"]
[Result "0-1"]
[WhiteElo "1720"]
[BlackElo "1997"]
[TimeControl "300"]
[EndTime "0:49:39 PDT"]
[Termination "friarnator won by resignation"]

1. e4 Nf6 2. e5 Nd5 3. d4 d6 4. Nf3 Bg4 5. Be2 e6 6. O-O Be7 7. c4 Nb6 8. exd6 cxd6 9. Nc3 O-O 10. Be3 Nc6 11. a4 Bxf3 12. Bxf3 Nxc4 13. Bxc6 bxc6 14. b4 d5 15. b5 cxb5 16. axb5 Qc7 17. Rc1 Rfc8 18.
Qg4 Nxe3 19. fxe3 Qa5 20. Ne2 Qxb5 21. Ng3 Rxc1 22. Rxc1 Qd3 23. Qf4 Bd6 24. Qf3 Bxg3 25. Qxg3 a5 26. Rf1 a4 27. Qf2 Rf8 28. Ra1 a3 29.
Ra2 Qb1+ 0-1

[Event "Live Chess"]
[Site "Chess.com"]
[Date "2023.05.21"]
[Round "-"]
[White "Tushinskiy"]
[Black "Singapourfeuj"]
[Result "1-0"]
[WhiteElo "2193"]
[BlackElo "2186"]
[TimeControl "300"]
[EndTime "0:49:39 PDT"]
[Termination "Tushinskiy won by resignation"]

1. d4 Nf6 2. c3 g6 3. Nf3 Bg7 4. Bf4 O-O 5. Bg3 d5 6. Nbd2 Nbd7 7. e3 c5 8. Bd3 b6 9. O-O Bb7 10. Qe2 Re8 11. Rad1 Nh5 12. e4 Nxg3 13. fxg3 e5 14.
dxe5 Nxe5 15. Nxe5 Rxe5 16. Qf2 Re7 17. exd5 Bxd5 18. Nf3 Bxf3 19. Qxf3 Rc8 20. Bxg6 hxg6 21. Rxd8+ Rxd8 22. h3 Red7 23. Kh2 Be5 24. Rf2 f6 25.
Qg4 Kg7 26. h4 Rd3 27. Rf3 Rxf3 28. Qxf3 Rd7 29. a3 f5 30. h5 Kf6 31. Kh3 Rh7 32. Qc6+ Ke7 33. Qb7+ 1-0

[Event "Live Chess"]
[Site "Chess.com"]
[Date "2023.05.21"]
[Round "-"]
[White "blunderabit"]
[Black "JoshMcK"]
[Result "1-0"]
[WhiteElo "1817"]
[BlackElo "1538"]
[TimeControl "300"]
[EndTime "0:50:05 PDT"]
[Termination "blunderabit won by resignation"]

1. e4 c6 2. Nf3 d5 3. d3 Bg4 4. h3 Bxf3 5. Qxf3 e6 6. g4 Bd6 7. Bg2 Ne7 8. Bd2 O-O 9. Nc3 Nd7 10. O-O-O b5 11. h4 a5 12. g5 b4 13. Na4 Nc5 14.
Nxc5 Bxc5 15. h5 a4 16. h6 g6 17. Qf6 1-0

[Event "Live Chess"]
[Site "Chess.com"]
[Date "2023.05.21"]
[Round "-"]
[White "ExIsambard"]
[Black "hturner40"]
[Result "1-0"]
[WhiteElo "1926"]
[BlackElo "1788"]
[TimeControl "300"]
[EndTime "0:50:15 PDT"]
[Termination "ExIsambard won on time"]

1. d4 Nf6 2. Nf3 g6 3. Bg5 c5 4. c3 Qb6 5. b3 Bg7 6. e3 d5 7.
Bd3 Nc6 8. Nbd2 O-O 9. h4 Bg4 10.
Be2 cxd4 11. exd4 Rfe8 12. O-O Ne4 13. Nxe4 dxe4 14. Nh2 Bxe2 15. Qxe2 f5 16. h5 h6 17.
hxg6 hxg5 18. Qh5 Qc7 19. Qxg5 e6 20. Rfe1 Qe7 21. Qh5 Qf6 22. Re3 Ne7 23. Qh7+ Kf8 24. Rg3 Ng8 25. f3 e3 26. f4 Re7 27. Nf3 Bh6 28.
Ne5 Bxf4 29. Nf7 Bxg3 30. Rf1 e2 31. Rc1 e1=Q+ 32. Rxe1 Bxe1 33. Qh5 Rxf7 34. gxf7 Qxf7 35. Qe2 Bh4 36. c4 Be7 37. Qf3 Bd6 38. c5 Bc7 39. Qxb7 Bh2+ 40. Kxh2 1-0

[Event "Live Chess"]
[Site "Chess.com"]
[Date "2023.05.21"]
[Round "-"]
[White "Hacker_2009"]
[Black "Denz14"]
[Result "1-0"]
[WhiteElo "1908"]
[BlackElo "1022"]
[TimeControl "300"]
[EndTime "0:50:21 PDT"]
[Termination "Hacker_2009 won by resignation"]

1. d4 Nf6 2. Nf3 d5 3. e3 Nc6 4. c4 e6 5. Nc3 Bb4 6. Bd2 Bxc3 7. Bxc3 O-O 8. cxd5 exd5 9. Bd3 Ne4 10. O-O Nxc3 11. bxc3 Bg4 12. Be2 Qf6 13. Rb1 b6 14. h3 Bh5 15.
Qb3 Bg6 16. Rbc1 Na5 17. Qxd5 Rfd8 18. Qb5 c6 19. Qb2 b5 20. c4 Rab8 21. cxb5 cxb5 22. Qb4 Nc4 23. Bxc4 bxc4 24. Qxc4 h6 25. Ne5 Bh7 26. Qc7 Rf8 27. Nd7 Qe7 28. Nxb8 Qxc7 29. Rxc7 Rxb8 30. Rfc1 Bf5 31. Rxa7 Rb1 32. Rxb1 Bxb1 33. a4 1-0

[Event "Live Chess"]
[Site "Chess.com"]
[Date "2023.05.21"]
[Round "-"]
[White "Tiltador"]
[Black "Salpingidis"]
[Result "0-1"]
[WhiteElo "761"]
[BlackElo "2220"]
[TimeControl "300"]
[EndTime "0:50:28 PDT"]
[Termination "Salpingidis won by checkmate"]

1. e4 e6 2. Nf3 d5 3. exd5 exd5 4. d3 Bd6 5. Be2 Nf6 6. O-O O-O 7. Bg5 Bf5 8. Bxf6 Qxf6 9. Nc3 c6 10. a3 Nd7 11.
d4 Qh6 12. g3 Nf6 13. Ne5 Ne4 14. Nxe4 Bxe4 15. Bf3 Bf5 16. Bg2 f6 17. Nd3 Rae8 18. f4 Qg6 19. Qd2 Be4 20. Bxe4 dxe4 21. Nb4 a5 22. Na2 e3 23. Qe2 Qe4 24. c3 c5 25.
Rad1 cxd4 26. Rxd4 Qe6 27. Nc1 Bc5 28. Rd3 Rd8 29.
Rxd8 Rxd8 30. b4 Rd2 31. Qf3 e2+ 32. Kh1 e1=Q 33. Rxe1 Qxe1+ 34. Qf1 Qxf1# 0-1

[Event "Live Chess"]
[Site "Chess.com"]
[Date "2023.05.21"]
[Round "-"]
[White "LiamClery2020"]
[Black "MaximKris"]
[Result "1-0"]
[WhiteElo "2020"]
[BlackElo "1820"]
[TimeControl "300"]
[EndTime "0:50:30 PDT"]
[Termination "LiamClery2020 won by checkmate"]

1. e4 e5 2. Nc3 Nc6 3. Bc4 Bc5 4. Qg4 g6 5. Qg3 Nd4 6. Qxe5+ Qe7 7.
Qxh8 Nxc2+ 8. Kd1 Nxa1 9. Qxg8+ Qf8 10. Bxf7+ Ke7 11. Nd5+ Kd8 12. d4 Bd6 13. Bg5+ Be7 14. Qxf8# 1-0

[Event "Live Chess"]
[Site "Chess.com"]
[Date "2023.05.21"]
[Round "-"]
[White "AttackingSnowLeopard"]
[Black "MarkLim1"]
[Result "1/2-1/2"]
[WhiteElo "2200"]
[BlackElo "1688"]
[TimeControl "300"]
[EndTime "0:50:58 PDT"]
[Termination "Game drawn by repetition"]

1. d4 Nf6 2. c4 e6 3. Nf3 d5 4.
Nc3 c5 5. cxd5 Nxd5 6. e4 Nxc3 7. bxc3 cxd4 8. cxd4 Bb4+ 9. Bd2 Bxd2+ 10. Qxd2 O-O 11.
Bc4 Nd7 12. O-O b6 13. d5 Nc5 14. Qe3 Re8 15. dxe6 Bxe6 16. Rfd1 Qc7 17. Bxe6 Rxe6 18. e5 Rae8 19. Rac1 Qb7 20. h3 h6 21. Qf4 Qa6 22.
Rd6 Nd3 23. Qc4 Qxc4 24. Rxc4 Nxe5 25. Rxe6 Nxf3+ 26. gxf3 Rxe6 27. Kg2 a5 28. f4 g6 29. Kf3 Kg7 30. a4 Kf6 31. Rd4 Rc6 32. Ke4 Ke6 33. h4 Rd6 34. Rc4 f5+ 35. Ke3 Kd5 36. Rc8 Rc6 37.
Rd8+ Kc4 38. Rd4+ Kb3 39. f3 Rc3+ 40. Ke2 Rc4 41. Rd6 Rxf4 42. Rxb6+ Kxa4 43. Rxg6 Rxh4 44. Rf6 f4 45. Kd3 Ka3 46. Kc3 a4 47. Rf8 h5 48.
Rf5 Ka2 49. Ra5 a3 50. Kb4 Rh3 51. Rxa3+ Kb2 52. Rd3 Kc2 53. Kc4 Rg3 54. Kd4 h4 55. Ke4 h3 56. Ra3 Rg2 57. Ra8 h2 58. Rh8 Kd2 59. Kxf4 Ke2 60. Ke4 Kf2 61. f4 Kg1 62. f5 h1=Q 63. Rxh1+ Kxh1 64. f6 Kh2 65. Ke5 Kh3 66. f7 Rf2 67. Ke6 Kg4 68. Ke7 Re2+ 69. Kd7 Rf2 70. Ke7 Re2+ 71. Kd7 Rf2 72. Ke7 1/2-1/2

[Event "Live Chess"]
[Site "Chess.com"]
[Date "2023.05.21"]
[Round "-"]
[White "Crowded_House"]
[Black "Mugzwang"]
[Result "1-0"]
[WhiteElo "1671"]
[BlackElo "1565"]
[TimeControl "300"]
[EndTime "0:51:15 PDT"]
[Termination "Crowded_House won on time"]

1. d4 d5 2. Bg5 h6 3. Bh4 Nd7 4. Nf3 Ngf6 5. Nbd2 e6 6. e3 Be7 7. Bd3 c5 8. c3 Qb6 9. Qb3 c4 10. Qxb6 Nxb6 11. Bc2 Bd7 12. O-O Ba4 13. Rac1 Bxc2 14. Rxc2 Na4 15. Nb1 g5 16. Bg3 Ne4 17.
Nfd2 Nxg3 18. hxg3 h5 19. b3 cxb3 20. axb3 Nb6 21. c4 Rc8 22. Rfc1 dxc4 23. Nxc4 Nd5 24. Ne5 Rxc2 25. Rxc2 O-O 26. Nd2 Bd6 27. Ndc4 Bxe5 28. Nxe5 Kg7 29. Rc5 f6 30. Nd3 Rf7 31. Kf1 Rc7 32.
Rxc7+ Nxc7 33. Nc5 b6 34. Ne4 Nb5 35. Ke2 f5 36.
Nxg5 Kf6 37. Nf3 Nc3+ 38. Kd2 Ne4+ 39. Ke1 Nc3 40. Ne5 Ne4 41. Nc6 a6 42. Nb8 a5 43.
Nd7+ Ke7 44. Nxb6 Nd6 45. Na4 Nb5 46. Nc5 Nc3 47. f3 Na2 48. Kd2 Nb4 49. Nb7 a4 50.
bxa4 Nc6 51. a5 1-0

[Event "Live Chess"]
[Site "Chess.com"]
[Date "2023.05.21"]
[Round "-"]
[White "EdenHazard8"]
[Black "EPotapov05"]
[Result "1-0"]
[WhiteElo "1960"]
[BlackElo "1394"]
[TimeControl "300"]
[EndTime "0:51:19 PDT"]
[Termination "EdenHazard8 won by resignation"]

1. e4 e6 2. d4 d5 3. exd5 exd5 4. Bd3 Nf6 5. Nf3 Bd6 6. h3 h6 7. O-O O-O 8. c3 c6 9. Re1 Re8 10. Ne5 Nbd7 11. f4 Nf8 12. Nd2 Qc7 13. Ndf3 Be6 14. Nh4 c5 15. Nf5 Bxf5 16. Bxf5 cxd4 17. cxd4 Qb6 18.
Be3 Rab8 19. Bc2 Qxb2 20. Qd3 Qa3 21. Bb3 a5 22. Qc2 b5 23. Qe2 a4 24. Bc2 Rec8 25.
Red1 Qb4 26. Rab1 Qa5 27. Bd2 b4 28. Bf5 Rc7 29. a3 Qb6 30. axb4 Qxd4+ 31. Be3 Qc3 32. Rdc1 Qa3 33. Nc6 Bxb4 34. Nxb8 Rxc1+ 35. Bxc1 Bc5+ 36. Kh1 Qc3 37. Bb2 1-0

[Event "Live Chess"]
[Site "Chess.com"]
[Date "2023.05.21"]
[Round "-"]
[White "Ferrarifan27"]
[Black "raimundklein"]
[Result "1-0"]
[WhiteElo "2074"]
[BlackElo "1732"]
[TimeControl "300"]
[EndTime "0:51:33 PDT"]
[Termination "Ferrarifan27 won on time"]

1. e4 c6 2. d4 d5 3. e5 Bf5 4. h4 h5 5. Bg5 Qa5+ 6. Bd2 Qb6 7. Bc3 e6 8. Bd3 Bxd3 9. Qxd3 Ne7 10. Nf3 Nf5 11. Nbd2 Qa6 12. Qxa6 Nxa6 13. O-O-O Be7 14.
g3 O-O 15. Nb3 b6 16. Rdg1 c5 17. g4 hxg4 18. Rxg4 Nb4 19. Bxb4 cxb4 20. h5 Kh7 21. Ng5+ Bxg5+ 22. Rxg5 Rac8 23. Rhg1 Rc4 24. f4 Rfc8 25. R1g2 a5 26. Na1 Rxd4 27. R5g4 Rcc4 28. b3 Rc3 29. Kb2 Rf3 30. a3 bxa3+ 31. Kxa3 Rfxf4 32. Rg5 Rde4 33. c3 Rxe5 34. Nc2 Rf3 35. Nd4 Rxc3 36. Nxf5 Rxf5 37.
Rxg7+ Kh6 38. Rg8 Kh7 39. R2g7+ Kh6 40. Rg1 Kh7 41. R8g7+ Kh6 42. Rg8 Kh7 43. h6 Rh5 44. R1g7+ Kxh6 45. Rxf7 Rhh3 46. Rf6+ Kh7 47. Rg2 Rxb3+ 48.
Ka2 Ra3+ 49. Kb2 Rhb3+ 50. Kc2 Rh3 51. Rf7+ 1-0

[Event "Live Chess"]
[Site "Chess.com"]
[Date "2023.05.21"]
[Round "-"]
[White "matt1979"]
[Black "chessfiction"]
[Result "0-1"]
[WhiteElo "1538"]
[BlackElo "2348"]
[TimeControl "300"]
[EndTime "0:51:46 PDT"]
[Termination "chessfiction won by resignation"]

1. f4 e5 2. e4 exf4 3. Nf3 g5 4.
Bc4 d6 5. O-O Bg7 6. d3 Nc6 7.
Nc3 h6 8. Bd2 Bg4 9. h3 Bh5 10.
a3 Nge7 11. b4 Qd7 12. Ne2 Bxf3 13. gxf3 Bxa1 14. Qxa1 Ne5 15. a4 Qxh3 16. Bb5+ c6 17. d4 Nxf3+ 18. Rxf3 Qxf3 19. d5 O-O-O 20. dxc6 Nxc6 0-1

[Event "Live Chess"]
[Site "Chess.com"]
[Date "2023.05.21"]
[Round "-"]
[White "ranvir123"]
[Black "Tushinskiy"]
[Result "0-1"]
[WhiteElo "923"]
[BlackElo "2193"]
[TimeControl "300"]
[EndTime "0:51:47 PDT"]
[Termination "Tushinskiy won by resignation"]

1. e4 e5 2. Nf3 d6 3. d4 Bg4 4.
dxe5 Nd7 5. exd6 Bxd6 6. h3 Bh5 7. g4 Bg6 8. Nc3 Ngf6 9. Bb5 Qe7 10. Bxd7+ Nxd7 11. Bg5 f6 12. Bh4 O-O-O 13. Qd4 Bc5 14. Qa4 Nb6 15. Qxa7 Bxe4 16. O-O Bxf3 17. Rae1 Qd6 18. Rd1 Bxd1 19. Rxd1 0-1

[Event "Live Chess"]
[Site "Chess.com"]
[Date "2023.05.21"]
[Round "-"]
[White "SiDebanks"]
[Black "f4nomore"]
[Result "0-1"]
[WhiteElo "1356"]
[BlackElo "1405"]
[TimeControl "300"]
[EndTime "0:52:11 PDT"]
[Termination "f4nomore won by checkmate"]

1. d4 g6 2. Nc3 Bg7 3. Bf4 d6 4. e3 Nf6 5. h4 Nh5 6. Bh2 O-O 7. Nf3 Nc6 8. Be2 Bg4 9. Ng5 Bxe2 10. Qxe2 e5 11. d5 Ne7 12. e4 c6 13. O-O-O cxd5 14. Nxd5 Nxd5 15. exd5 Qb6 16. g4 Nf4 17. Bxf4 exf4 18.
Qd2 Qxb2# 0-1

[Event "Live Chess"]
[Site "Chess.com"]
[Date "2023.05.21"]
[Round "-"]
[White "SupremeTactician"]
[Black "Richardallis"]
[Result "1-0"]
[WhiteElo "2284"]
[BlackElo "1874"]
[TimeControl "300"]
[EndTime "0:52:19 PDT"]
[Termination "SupremeTactician won by resignation"]

1. e4 d5 2. exd5 Nf6 3. d4 Nxd5 4. c4 Nf6 5. Nc3 c6 6. Nf3 Bg4 7. Be3 e6 8. Be2 Bd6 9. h3 Bh5 10. O-O Nbd7 11. Ng5 Bg6 12. Bf3 O-O 13. Nge4 Be7 14.
Ng3 Nb6 15. b3 Rc8 16. Rc1 c5 17. Bxb7 cxd4 18. Bxd4 Rc7 19. Bxb6 Qxd1 20. Rfxd1 Rxb7 21. Be3 Ba3 22. Nb5 Bxc1 23. Bxc1 a6 24. Nc3 Bc2 25. Rd2 Bg6 26. Rd6 Rd7 27. Rxa6 Rd3 28. Nce2 Rd1+ 29. Kh2 Bd3 30. Bb2 Rd2 31. Bxf6 Bxe2 32. Be7 Re8 33. Nxe2 Rxe2 34. Bc5 h5 35. Be3 f5 36. b4 e5 37. b5 f4 38. Bb6 Re6 39. c5 Rb2 40.
a4 e4 41. c6 e3 42. fxe3 fxe3 43. Bxe3 Rxe3 44. c7 Rc2 45. Ra8+ Kh7 46. c8=Q Rxc8 47. Rxc8 Ra3 48. Ra8 Rxa4 49. Rxa4 h4 50. b6 g5 51. b7 Kh6 52. b8=Q Kg6 53. Ra6+ 1-0

[Event "Live Chess"]
[Site "Chess.com"]
[Date "2023.05.21"]
[Round "-"]
[White "HoarseyHorsey"]
[Black "BJAW87"]
[Result "1-0"]
[WhiteElo "1465"]
[BlackElo "1439"]
[TimeControl "300"]
[EndTime "0:52:53 PDT"]
[Termination "HoarseyHorsey won by resignation"]

1. d4 Nf6 2. c4 g6 3. f3 Bg7 4. e4 O-O 5. Nc3 d6 6. Nge2 Nbd7 7.
Be3 c6 8. Qd2 Re8 9. O-O-O e5 10. d5 c5 11. Bh6 Bh8 12. Bg5 a6 13. h4 b5 14. h5 bxc4 15. hxg6 fxg6 16. g4 Rb8 17. Ng3 Nb6 18. Rh2 Bd7 19. Be2 Na4 20.
Nxa4 Bxa4 21. Rdh1 Re7 22. Bxc4 Reb7 23. b3 Bd7 24.
Rxh7 Nxh7 25. Bxd8 Rxd8 26. Bxa6 Rb6 27. Bc4 Ng5 28.
Qxg5 Ra8 29. Qxg6+ 1-0

[Event "Live Chess"]
[Site "Chess.com"]
[Date "2023.05.21"]
[Round "-"]
[White "Salpingidis"]
[Black "Denz14"]
[Result "1-0"]
[WhiteElo "2220"]
[BlackElo "1022"]
[TimeControl "300"]
[EndTime "0:52:59 PDT"]
[Termination "Salpingidis won by resignation"]

1. d4 e6 2. c4 d5 3. Nc3 c6 4. e3 Bb4 5. Nf3 Nf6 6. Bd3 Ne4 7. Qc2 Nxc3 8. bxc3 Be7 9. cxd5 cxd5 10. c4 Qc7 11. O-O b5 12. cxb5 Qxc2 13. Bxc2 Bd7 14. a4 O-O 15. Ne5 Be8 16. Ba3 Bxa3 17. Rxa3 f6 18. Nd3 Nd7 19. Nc5 Kf7 20. Bb3 Nb6 21. a5 Nc4 22. Bxc4 dxc4 23. Rb1 Rb8 24. b6 axb6 25. axb6 Bc6 26. Ra7+ Kg6 27. Nxe6 Rf7 28. Nf4+ 1-0

[Event "Live Chess"]
[Site "Chess.com"]
[Date "2023.05.21"]
[Round "-"]
[White "profpirate4"]
[Black "MJMykh"]
[Result "1-0"]
[WhiteElo "1269"]
[BlackElo "1116"]
[TimeControl "300"]
[EndTime "0:53:04 PDT"]
[Termination "profpirate4 won by checkmate"]

1. e4 e5 2. f4 exf4 3. Nf3 Nc6 4. Bc4 h6 5. d3 Nf6 6. Bxf4 Bb4+ 7. c3 Bc5 8. d4 Be7 9. e5 Nh5 10. O-O Nxf4 11. Nh4 Bxh4 12. Rxf4 O-O 13. Qg4 Qg5 14. Qxh4 Qxh4 15. Rxh4 Na5 16. Bd3 d6 17. Re4 dxe5 18.
Rxe5 Nc6 19. Re3 a6 20. Nd2 Nd8 21. Nf3 Bg4 22. Rf1 Bxf3 23. Rfxf3 Ne6 24. Bc4 Ng5 25. Rg3 Rae8 26. h4 Rxe3 27. Rxe3 Nh7 28. Re7 Rc8 29. Bxf7+ Kf8 30. Be6 Kxe7 31. Bxc8 Nf6 32. Bxb7 a5 33. b4 axb4 34. cxb4 Nd7 35. a4 Nb6 36. a5 Nd7 37. Kf2 g5 38. g3 gxh4 39. gxh4 Kf6 40. Kg3 Kf5 41. Bc6 Nb8 42. b5 h5 43. a6 Ke6 44. a7 Nxc6 45. a8=Q Kd5 46. Qxc6+ Kxd4 47. Qxc7 Kd3 48. b6 Ke4 49. b7 Kf5 50. b8=R Ke4 51.
Rf8 Kd5 52. Qe7 Kd4 53. Rd8+ Kc3 54. Qc7+ Kb4 55. Rb8+ Ka3 56. Qa7# 1-0

[Event "Live Chess"]
[Site "Chess.com"]
[Date "2023.05.21"]
[Round "-"]
[White "Biranidun"]
[Black "mirandaasilva"]
[Result "1-0"]
[WhiteElo "2534"]
[BlackElo "1643"]
[TimeControl "300"]
[EndTime "0:53:22 PDT"]
[Termination "Biranidun won by checkmate"]

1. e4 c5 2. Nf3 d6 3. d4 cxd4 4. Nxd4 Nf6 5. Nc3 g6 6. Be3 Bg7 7. f3 O-O 8. Qd2 Qa5 9. Bc4 Nfd7 10. O-O-O Nc6 11. h4 Nxd4 12. Bxd4 Bxd4 13. Qxd4 Ne5 14. Bb3 h5 15. Nd5 Qd8 16. g4 Nxf3 17. Qe3 hxg4 18. h5 g5 19. e5 a5 20. exd6 exd6 21. Ne7+ Kh7 22. Qd3+ f5 23. Ng6 Rf6 24. Bd5 Ne5 25. Nxe5 Bd7 26. Nxg4 Rf8 27. h6 Qe7 28. Rde1 Qd8 29.
Qd4 Be8 30. Qg7# 1-0

[Event "Live Chess"]
[Site "Chess.com"]
[Date "2023.05.21"]
[Round "-"]
[White "maxwalden"]
[Black "RamsayFlayer"]
[Result "0-1"]
[WhiteElo "1210"]
[BlackElo "1984"]
[TimeControl "300"]
[EndTime "0:53:22 PDT"]
[Termination "RamsayFlayer won by resignation"]

1. d4 d5 2. c4 dxc4 3. Nc3 Nc6 4. Bf4 Qxd4 5. Qxd4 Nxd4 6. Rc1 Bf5 7. e3 Nc2+ 8. Kd2 O-O-O+ 9. Ke2 Bd3+ 10. Kf3 f6 11. Bxd3 cxd3 12. e4 e5 13. Bd2 Bc5 14. Nd5 Bd4 15. Be3 Bxb2 16. Rb1 Nxe3 17. Kxe3 Bd4+ 18. Kd2 Bxf2 19. Nf3 c6 20. Nb4 Nh6 21. Nxd3 Ng4 22. Ke2 Bb6 23. h3 Rxd3 24. Kxd3 Nf2+ 25. Kc4 Nxh1 26. Rxh1 Rd8 27. a4 Kd7 28. Rd1+ Ke6 29. Rxd8 Bxd8 30. Nd2 a6 31. g4 b5+ 32. axb5 cxb5+ 33. Kb4 Bb6 34. Nb3 g6 35. Nc5+ Bxc5+ 36. Kxc5 f5 37.
gxf5+ gxf5 38. exf5+ Kxf5 39. Kb4 e4 0-1

[Event "Live Chess"]
[Site "Chess.com"]
[Date "2023.05.21"]
[Round "-"]
[White "BillythekidFellowes"]
[Black "WelshTiger"]
[Result "0-1"]
[WhiteElo "2040"]
[BlackElo "2363"]
[TimeControl "300"]
[EndTime "0:53:40 PDT"]
[Termination "WelshTiger won by resignation"]

1. e4 c5 2. Nf3 d6 3. d4 cxd4 4. Qxd4 a6 5. Nc3 Nf6 6. Bg5 Nc6 7. Qd2 e6 8. O-O-O Be7 9. Bc4 b5 10. Bb3 Qc7 11. Rhe1 O-O 12. Bf4 Ne5 13. Nxe5 dxe5 14. Bg3 Bb7 15. f3 Bc6 16. Qg5 Nxe4 17. Qh5 Nxg3 18.
hxg3 Bf6 19. g4 h6 20. Rh1 Rad8 21. Ne2 Rxd1+ 22. Rxd1 Rd8 23. Rh1 Qd6 24. a3 Qd2+ 25. Kb1 Qxe2 26. g5 Bxg5 27. f4 Qxh5 28. Rxh5 Bxf4 0-1

[Event "Live Chess"]
[Site "Chess.com"]
[Date "2023.05.21"]
[Round "-"]
[White "Leonid_Starozhilov"]
[Black "JohanKjeldahl"]
[Result "1-0"]
[WhiteElo "2654"]
[BlackElo "1899"]
[TimeControl "300"]
[EndTime "0:53:44 PDT"]
[Termination "Leonid_Starozhilov won by resignation"]

1. e4 c5 2. Nf3 e6 3. c4 Nc6 4.
Nc3 a6 5. d4 cxd4 6. Nxd4 Qc7 7. a3 Nf6 8. Be3 Be7 9. Rc1 O-O 10. Be2 b6 11. Nd5 exd5 12. cxd5 Bb7 13. O-O Rac8 14. dxc6 dxc6 15. f3 c5 16. Nf5 Rfd8 17. Qe1 Bf8 18.
Qh4 Qe5 19. Rc2 g6 20. Nh6+ Kg7 21. Bc4 Rd7 22. Nxf7 Rxf7 23. Bxf7 Kxf7 24. Rd1 Bg7 25. Rcd2 Bc6 26. Bf4 Qe7 27. Bg5 h5 28. Qf4 Ke6 29.
Rd6+ Kf7 30. e5 1-0

[Event "Live Chess"]
[Site "Chess.com"]
[Date "2023.05.21"]
[Round "-"]
[White "MarkLim1"]
[Black "Singapourfeuj"]
[Result "0-1"]
[WhiteElo "1687"]
[BlackElo "2187"]
[TimeControl "300"]
[EndTime "0:53:56 PDT"]
[Termination "Singapourfeuj won by checkmate"]

1. d4 Nf6 2. Nf3 g6 3. c4 Bg7 4. Nc3 O-O 5. e4 d6 6. Be2 e5 7. d5 a5 8. O-O c6 9. Bg5 h6 10. Bh4 cxd5 11. Nxd5 g5 12. Bg3 Nxd5 13. cxd5 f5 14.
exf5 Bxf5 15. Rc1 Nd7 16. Bb5 Nc5 17. Nd2 a4 18. Nc4 Qf6 19. f3 Nd3 20. Rc3 Nf4 21.
Re1 h5 22. Bxa4 h4 23. Bf2 Qg6 24. Bb3 g4 25. fxg4 Bxg4 26. Qc2 Bf5 27. Qd2 Qxg2# 0-1